 Dungeon Crawl Stone Soup version 0.22-b1-26-g9dbaab1 (webtiles) character file.

1472 poirepourri the Cleaver (level 8, -9/81 HPs)
             Began as a Deep Dwarf Fighter on Aug 8, 2018.
             Mangled by an ogre
             ... wielding a +0 giant club
              (26 damage)
             ... on level 6 of the Dungeon.
             The game lasted 00:05:03 (4935 turns).

poirepourri the Cleaver (Deep Dwarf Fighter)        Turns: 4935, Time: 00:05:04

Health: -9/81      AC:  8    Str: 21    XL:     8   Next: 49%
Magic:  8/8        EV:  7    Int: 12    God:
Gold:   258        SH: 10    Dex: 14    Spells: 7/7 levels left

rFire    . . .     SeeInvis .   a - +0 war axe
rCold    . . .     Gourm    .   c - +1 shield
rNeg     . . .     Faith    .   n - +0 scale mail
rPois    .         Spirit   .   (no helmet)
rElec    .         Reflect  .   m - +0 cloak
rCorr    .         Harm     .   (no gloves)
MR       +....                  (no boots)
Stlth    ..........             (no amulet)
HPRegen  0.00/turn              e - +4 ring of intelligence
MPRegen  0.11/turn              (no ring)

@: non-regenerating
A: damage resistance, heal wounds, sense surroundings 1, no regeneration
a: Heal Wounds


You were on level 6 of the Dungeon.
You were not hungry.

You visited 2 branches of the dungeon, and saw 7 of its levels.

You collected 258 gold pieces.

Inventory:

Hand Weapons
 a - a +0 war axe (weapon)
 b - a +0 hand crossbow
 r - a +2 mace of holy wrath
Missiles
 h - 12 bolts
 i - 3 tomahawks (quivered)
Armour
 c - a +1 shield (worn)
 m - a +0 cloak (worn)
 n - a +0 scale mail (worn)
Jewellery
 e - a +4 ring of intelligence (left hand)
 p - a +4 ring of dexterity {unknown}
Wands
 j - a wand of acid (5)
 s - a wand of digging (8)
 u - a wand of flame (35)
 v - a wand of iceblast (21)
Scrolls
 d - 2 scrolls of remove curse
 o - 3 scrolls of teleportation
 x - a scroll of magic mapping
Potions
 g - 3 potions of curing {unknown}
 k - 2 potions of brilliance {unknown}
 l - a potion of flight {unknown}
 q - 2 potions of agility {unknown}
 t - a potion of invisibility {unknown}
 w - a potion of degeneration {unknown}
Comestibles
 f - 6 rations


   Skills:
 + Level 7.7 Fighting
 - Level 8.1 Axes
 - Level 3.2 Armour
 - Level 3.2 Shields


You had 7 spell levels left.
You didn't know any spells.
Your spell library contained the following spells:

 Spells                   Type           Power        Failure   Level  Hunger
 Cause Fear               Hex            #.........   100%        4    #####..
 Slow                     Hex            #.......     99%         2    ###....
 Stone Arrow              Conj/Erth      #.....       100%        3    ####...
 Passwall                 Tmut/Erth      #.......     99%         2    ###....
 Corona                   Hex            #......      99%         1    ##.....
 Lee's Rapid Deconstruct  Erth           #.........   100%        5    ######.
 Sandblast                Erth           #.....       99%         1    ##.....
 Portal Projectile        Hex/Tloc       #.....       100%        3    ####...
 Petrify                  Tmut/Erth      #.......     100%        4    #####..
 Leda's Liquefaction      Hex/Erth       #.........   100%        4    #####..
 Inner Flame              Hex/Fire       #.......     100%        3    ####...


Dungeon Overview and Level Annotations

Branches:
Dungeon (6/15)             Temple (1/1) D:4

Altars:
Ashenzari
Elyvilon
Hepliaklqana
Kikubaaqudgha
Nemelex Xobeh
Okawaru
Sif Muna
Trog
Uskayaw
Vehumet
Wu Jian
Xom
Zin


Innate Abilities, Weirdness & Mutations

You are resistant to damage.
You can heal yourself by infusing magical energy.
You passively map a small area around you.
You do not regenerate.


Message History

The orc wizard gestures wildly while chanting.
The orc wizard blinks!
The ogre hits you with a giant club!
* * * LOW HITPOINT WARNING * * *
You slash the ogre!
The ogre is severely wounded.
You hit the centaur zombie. You block the centaur zombie's attack.
The ogre hits you but does no damage. The centaur zombie hits you.
* * * LOW HITPOINT WARNING * * *
You hit the ogre.
The ogre is almost dead.
You slash the centaur zombie!
The centaur zombie hits you but does no damage.
You block the ogre's attack.
Unknown command.
You barely miss the ogre.
The ogre is almost dead.
You slash the centaur zombie!
You destroy the centaur zombie!
The ogre hits you with a giant club!!
You die...

#...................
, ,
#####...............
* * ,
#............... * *
, , +......#'###+###
, , #........# ,
#.....#..# * * * * *
#.....#..# * *
*#######).# * ,
#)@#* * , , ##O# , *
#Z# * * ,.sZ , , * ,
... , * , ..... ,
..... ,, #...... , ,


You could see an ogre, a scorpion, an adder skeleton and a hound skeleton.

Vanquished Creatures
  Grinder (D:3)
  A black bear (D:6)
  3 centaurs (D:5)
  A bullfrog (D:6)
  2 scorpions
  A crimson imp (D:5)
  Crazy Yiuf (D:3)
  A centaur zombie (D:6)
  2 hounds
  3 orc priests
  2 centaur skeletons (D:5)
  4 orc wizards
  Terence (D:2)
  An iguana (D:4)
  Natasha (thrice) (D:3)
  A worker ant (D:6)
  A hound zombie (D:5)
  A hound skeleton (D:4)
  Robin (D:2)
  5 adders
  An adder skeleton (D:4)
  4 worms
  2 dart slugs
  4 leopard geckos
  18 orcs
  7 giant cockroaches
  12 goblins
  9 hobgoblins
  16 jackals
  8 kobolds
  3 quokkas
  5 bats
  6 frilled lizards
  A quokka skeleton (D:5)
  A quokka zombie (D:5)
  7 rats
140 creatures vanquished.

Notes
Turn   | Place    | Note
-------+----------+-------------------------------------------
     0 | D:1      | poirepourri the Deep Dwarf Fighter began the quest for the Orb.
     0 | D:1      | Reached XP level 1. HP: 20/20 MP: 1/1
   107 | D:1      | Reached skill level 3 in Axes
   107 | D:1      | Reached XP level 2. HP: 20/27 MP: 2/2
   443 | D:1      | Reached XP level 3. HP: 12/33 MP: 3/3
   733 | D:2      | Noticed Robin
   747 | D:2      | Reached skill level 4 in Axes
   765 | D:2      | Killed Robin
   912 | D:2      | Noticed Terence
   918 | D:2      | Killed Terence
   918 | D:2      | Reached skill level 5 in Axes
   918 | D:2      | Reached XP level 4. HP: 40/40 MP: 4/4
  1571 | D:3      | Found a runed door.
  1698 | D:3      | Found a hazy altar of Hepliaklqana.
  1827 | D:3      | Noticed Natasha
  1833 | D:3      | Killed Natasha
  1833 | D:3      | Reached skill level 6 in Axes
  1833 | D:3      | Reached XP level 5. HP: 37/46 MP: 5/5
  1891 | D:3      | Noticed Natasha
  1906 | D:3      | Killed Natasha
  1976 | D:3      | Noticed Natasha
  1987 | D:3      | Killed Natasha
  2148 | D:3      | Noticed Grinder
  2151 | D:3      | Paralysed by Grinder for 4 turns
  2167 | D:3      | Killed Grinder
  2167 | D:3      | Reached skill level 7 in Axes
  2167 | D:3      | Reached XP level 6. HP: 29/55 MP: 6/6
  2387 | D:3      | Reached skill level 8 in Axes
  2690 | D:3      | Noticed Crazy Yiuf
  2707 | D:3      | Killed Crazy Yiuf
  2834 | D:4      | Reached XP level 7. HP: 44/62 MP: 7/7
  2911 | D:4      | Found a bloodstained altar of Trog.
  3197 | D:4      | Found a staircase to the Ecumenical Temple.
  3219 | Temple   | Entered the Ecumenical Temple
  3691 | D:4      | Found a deep blue altar of Sif Muna.
  4086 | D:5      | Entered Level 5 of the Dungeon
  4104 | D:5      | Found a sparkling altar of Nemelex Xobeh.
  4244 | D:5      | Reached skill level 5 in Fighting
  4439 | D:5      | Reached XP level 8. HP: 42/76 MP: 8/8
  4854 | D:6      | Found a sparkling altar of Nemelex Xobeh.
  4935 | D:6      | Mangled by an ogre

Skill      XL: |  1  2  3  4  5  6  7  8 |
---------------+-------------------------+-----
Axes           | 3 5 6 7 8 |  8.1
Fighting       | 3 6 7 |  7.7
Armour         | |  3.2
Shields        | |  3.2

Action                   |  1- 3 |  4- 6 |  7- 9 || total
-------------------------+-------+-------+-------++-------
Melee: War axe           |   122 |   193 |   169 ||   484
 Fire: Hand crossbow     |       |       |     9 ||     9
Throw: Tomahawk          |       |     2 |       ||     2
 Abil: Heal Wounds       |     1 |     1 |       ||     2
Evoke: Wand              |       |       |     8 ||     8
  Use: Scroll            |     1 |     4 |     1 ||     6
       Potion            |       |     5 |     5 ||    10
  Eat: Ration            |       |     3 |     1 ||     4
Armor: Scale mail        |    55 |    69 |    66 ||   190
Dodge: Dodged            |    31 |    43 |    52 ||   126
Block: Shield            |    61 |   106 |   105 ||   272
